 Dungeon Crawl Stone Soup version 0.30.1-9-gdf580d7c3d (webtiles) character file.

Game seed: 2875076558955199257

238400 bearlyready the Basher (level 19, 0/143 HPs)
             Began as a Gnoll Reaver on Oct 14, 2023.
             Was an Elder of Ashenzari.
             Slain by a ghostly deep elf high priest
             ... wielding a +0 long sword
              (5 damage)
             ... on level 3 of the Elven Halls.
             The game lasted 01:48:40 (44361 turns).

bearlyready the Basher (Gnoll Reaver)              Turns: 44361, Time: 01:48:41

Health: 0/143      AC: 31    Str: 10    XL:     19   Next: 26%
Magic:  33/39      EV: 16    Int: 21    God:    Ashenzari [****..]
Gold:   1415       SH: 13    Dex: 13    Spells: 15/51 levels left

rFire   . . .        a - +7 demon trident (elec)
rCold   + . .        B - +0 kite shield {rC+}
rNeg    + . .        W - quicksilver dragon scales of Ashenzari's Jealousy {Will+, Elem, Comp} (curse)
rPois   .            l - +4 helmet "Share My Soothsayer" {rElec rN+ Str-3, Comp, Melee} (curse)
rElec   +            Z - +2 cloak of Ashenzari's Boredom {Fort, Cun} (curse)
rCorr   .            o - +2 pair of gloves of the Cursed Gloom {Bglg, Comp} (curse)
SInv    +            S - +2 pair of boots of Star-Bound Wisdom {Will+ Str+2 Int+2, Melee, Self} (curse)
Will    +++..        (no amulet)
Stlth   +++++        X - ring "I Knew You'd Do That" {AC+4, Cun, Self} (curse)
HPRegen 0.43/turn    Y - ring of the Mage {Wiz Archmagi, Comp, Bglg} (curse)
MPRegen 0.26/turn

%: clarity, wizardry (x1), archmagi
@: corroded, freezing walls, very slightly contaminated
A: fangs 1, strong nose, distributed training, frail 1
}: 2/15 runes: decaying, serpentine
a: Renounce Religion, Shatter the Chains


You were on level 3 of the Elven Halls.
You worshipped Ashenzari.
Ashenzari was greatly pleased with you.
You visited 6 branches of the dungeon, and saw 32 of its levels.

You collected 3716 gold pieces.
You spent 2301 gold pieces at shops.

Inventory:

Hand Weapons
 a - a +7 demon trident of electrocution (weapon)
 b - a +2 longbow of flaming
Missiles
 g - 3 curare-tipped darts
 j - a throwing net
 s - 19 poisoned darts
 A - 12 boomerangs (quivered)
Armour
 l - the cursed +4 helmet "Share My Soothsayer" (worn) {rElec rN+ Str-3, Comp, Melee}
   (You acquired it on level 12 of the Dungeon)

   Str:       It affects your strength (-3).
   rElec:     It insulates you from electricity.
   rN:        It protects you from negative energy.
   It has a curse which improves the following skills: Companions: Summonings
   and Necromancy.
   Melee Combat: Short Blades, Long Blades, Axes, Maces & Flails, Polearms,
   Staves and Unarmed Combat.
 o - the cursed +2 pair of gloves of the Cursed Gloom (worn) {Bglg, Comp}
   (You took it off Nikola on level 4 of the Swamp)

   It has a curse which improves the following skills: Beguiling: Conjurations,
   Hexes and Translocations.
   Companions: Summonings and Necromancy.
 B - a +0 kite shield of cold resistance (worn)
 S - the cursed +2 pair of boots of Star-Bound Wisdom (worn) {Will+ Str+2 Int+2, Melee, Self}
   (You found it on level 8 of the Dungeon)

   Str:       It affects your strength (+2).
   Int:       It affects your intelligence (+2).
   Will:      It increases your willpower.
   It has a curse which improves the following skills: Melee Combat: Short
   Blades, Long Blades, Axes, Maces & Flails, Polearms, Staves and Unarmed
   Combat.
   Introspection: Fighting and Spellcasting.
 W - the cursed quicksilver dragon scales of Ashenzari's Jealousy (worn) {Will+, Elem, Comp}
   (You found it on level 3 of the Lair of Beasts)

   Will:      It increases your willpower.
   It has a curse which improves the following skills: Elements: Fire Magic, Ice
   Magic, Air Magic and Earth Magic.
   Companions: Summonings and Necromancy.
 Z - the cursed +2 cloak of Ashenzari's Boredom (worn) {Fort, Cun}
   (You took it off Maurice on level 10 of the Dungeon)

   It has a curse which improves the following skills: Fortitude: Armour and
   Shields.
   Cunning:   Dodging and Stealth.
Jewellery
 X - the cursed ring "I Knew You'd Do That" (left hand) {AC+4, Cun, Self}
   (You found it on level 9 of the Dungeon)

   [ring of protection]

   AC:        It affects your AC (+4).
   It has a curse which improves the following skills: Cunning: Dodging and
   Stealth.
   Introspection: Fighting and Spellcasting.
 Y - the cursed ring of the Mage (right hand) {Wiz Archmagi, Comp, Bglg}
   (You found it on level 10 of the Dungeon)

   [ring of wizardry]

   It improves your spell success rate.
   Archmagi:  It increases the power of your magical spells.
   It has a curse which improves the following skills: Companions: Summonings
   and Necromancy.
   Beguiling: Conjurations, Hexes and Translocations.
Wands
 f - a wand of charming (27)
 h - a wand of flame (83)
 n - a wand of digging (13)
 D - a wand of quicksilver (15)
 J - a wand of mindburst (15)
 Q - a wand of polymorph (7)
 T - a wand of roots (30)
Scrolls
 c - 5 scrolls of immolation
 d - 7 scrolls of poison
 e - 4 scrolls of enchant armour
 k - a scroll of enchant weapon
 m - 5 scrolls of magic mapping
 q - 4 scrolls of vulnerability
 x - a scroll of summoning
 y - 6 scrolls of fear
 E - 9 scrolls of amnesia
 F - 3 scrolls of brand weapon
 L - 11 scrolls of teleportation
 N - 4 scrolls of blinking
 O - 7 scrolls of fog
 P - 4 scrolls of silence
Potions
 i - 6 potions of haste
 p - 5 potions of flight
 r - 8 potions of lignification
 t - 2 potions of magic
 u - 20 potions of curing
 v - 6 potions of attraction
 w - 3 potions of berserk rage
 z - 7 potions of mutation
 C - 3 potions of ambrosia
 G - 6 potions of invisibility
 H - 4 potions of might
 I - 2 potions of brilliance
 M - 9 potions of heal wounds
 V - 2 potions of resistance
Miscellaneous
 R - a lightning rod (inert)
 U - a condenser vane


   Skills:
 + Level 14.1(16.7) Fighting
 + Level 13.4(16.0) Short Blades
 + Level 13.4(16.0) Long Blades
 + Level 13.4(16.0) Axes
 + Level 14.8(17.4) Maces & Flails
 + Level 13.4(16.0) Polearms
 + Level 13.4(16.0) Staves
 + Level 13.4 Ranged Weapons
 + Level 13.4 Throwing
 + Level 13.4(15.1) Armour
 + Level 14.1(16.7) Dodging
 + Level 13.4(16.0) Stealth
 + Level 13.4(15.1) Shields
 + Level 13.4(16.0) Unarmed Combat
 + Level 14.2(16.8) Spellcasting
 + Level 12.5(15.2) Conjurations
 + Level 11.3(14.0) Hexes
 + Level 11.3(15.6) Summonings
 + Level 11.3(15.6) Necromancy
 + Level 11.3(14.0) Translocations
 + Level 11.3 Transmutations
 + Level 11.3(13.1) Fire Magic
 + Level 11.3(13.1) Ice Magic
 + Level 11.3(13.1) Air Magic
 + Level 11.3(13.1) Earth Magic
 + Level 11.3 Poison Magic
 + Level 14.5 Invocations
 + Level 13.4 Evocations


You had 15 spell levels left.
You knew the following spells:

 Your Spells              Type           Power      Damage    Failure   Level
a - Kiss of Death         Conj/Necr      100%       2d13      0%          1
b - Momentum Strike       Conj/Tloc      100%       3d10      1%          2
c - Fulminant Prism       Conj/Hex       43%        3d19      1%          4
d - Frozen Ramparts       Ice            100%       1d16      1%          3
e - Statue Form           Tmut/Erth      54%        N/A       5%          6
f - Summon Hydra          Summ           45%        N/A       8%          7
g - Malign Gateway        Summ/Tloc      44%        N/A       10%         7
h - Iron Shot             Conj/Erth      43%        9d8       2%          6

Your spell library contained the following spells:

 Spells                   Type           Power      Damage    Failure   Level
 Necrotise                Necr           100%       1d9       0%          1
 Summon Small Mammal      Summ           100%       N/A       0%          1
 Magic Dart               Conj           100%       1d8       1%          1
 Sting                    Tmut/Pois      100%       1d8       1%          1
 Blink                    Tloc           100%       N/A       1%          2
 Ensorcelled Hibernation  Hex/Ice        100%       N/A       1%          2
 Poisonous Vapours        Pois/Air       100%       N/A       1%          2
 Searing Ray              Conj           100%       2d8       1%          2
 Static Discharge         Conj/Air       100%       2-7/arc   1%          2
 Call Canine Familiar     Summ           90%        N/A       1%          3
 Confusing Touch          Hex            86%        N/A       1%          3
 Gell's Gravitas          Tloc           86%        N/A       1%          3
 Hailstorm                Conj/Ice       86%        3d17      1%          3
 Portal Projectile        Hex/Tloc       100%       N/A       1%          3
 Spider Form              Tmut/Pois      78%        N/A       1%          3
 Stone Arrow              Conj/Erth      100%       3d13      1%          3
 Vampiric Draining        Necr           90%        2d12      1%          3
 Airstrike                Air            41%        2d(6-22)  1%          4
 Anguish                  Hex/Necr       44%        N/A       1%          4
 Animate Armour           Summ/Erth      100%       N/A       1%          4
 Dispel Undead            Necr           90%        3d29      1%          4
 Ice Form                 Ice/Tmut       81%        N/A       1%          4
 Leda's Liquefaction      Hex/Erth       42%        N/A       1%          4
 Manifold Assault         Tloc           86%        N/A       1%          4
 Olgreb's Toxic Radiance  Pois           78%        N/A       1%          4
 Summon Ice Beast         Ice/Summ       87%        N/A       1%          4
 Summon Lightning Spire   Summ/Air       87%        N/A       1%          4
 Agony                    Necr           90%        N/A       1%          5
 Iskenderun's Battlesphe  Conj           89%        2d14      1%          5
 Lee's Rapid Deconstruct  Erth           41%        3d20*     1%          5
 Dispersal                Tloc           43%        N/A       2%          6
 Spellforged Servitor     Conj/Summ      44%        N/A       8%          7
 Lehudib's Crystal Spear  Conj/Erth      43%        10d10     67%         8
 Disjunction              Tloc           43%        N/A       69%         8


Dungeon Overview and Level Annotations

Branches:
Dungeon (14/15)            Temple (0/1) D:7            Lair (5/5) D:10
  Swamp (4/4) Lair:3        Snake (4/4) Lair:2        Slime (0/5) Lair:4
    Orc (2/2) D:10            Elf (3/3) Orc:2        Vaults (0/5) D:13

Altars:
Ashenzari
Cheibriados
Fedhas
Gozag
Hepliaklqana
Kikubaaqudgha
Makhleb
Nemelex Xobeh
Qazlal
Ru
Trog
Uskayaw
Vehumet
Wu Jian
Yredelemnul

Shops:
D:1 (   D:4 =*   D:9 (   D:12 =(?!   D:14 *   Orc:2 *[([   Elf:1 :!***
Elf:2 !   Snake:2 [   Snake:4 [

Annotations:
Elf:2 3 runed translucent doors


Innate Abilities, Weirdness & Mutations

You have very sharp teeth.
Your uncanny sense of smell can sniff out nearby items.
Your experience applies equally to all skills.
You are frail. (-10% HP)


Message History

The deep elf high priest is almost dead.
The deep elf death mage beckons forth a restless soul!
The wall freezes the deep elf sorcerer.
The deep elf sorcerer closely misses you.
The wall freezes the deep elf high priest.
The lost soul assumes the form of the deep elf high priest and becomes anchored to this world!
The ghostly deep elf high priest hits you with a +0 long sword.
* * * LOW HITPOINT WARNING * * *
Reach: a) +7 demon trident (elec)
Press: ? - help, Dir - move target, f/p - ghostly deep elf high priest
Aim: a ghostly deep elf high priest, wielding a +0 long sword, wearing a +0 chain mail and wearing a +6 ring of dexterity (brilliance aura, about 26% to evade your +7 demon trident of electrocution)
You hit the ghostly deep elf high priest.
Lightning courses through the ghostly deep elf high priest!
The ghostly deep elf high priest is moderately damaged.
The wall freezes the deep elf sorcerer but does no damage.
You block the deep elf sorcerer's attack.
The wall freezes the ghostly deep elf high priest.
The ghostly deep elf high priest hits you but does no damage.
Reach: a) +7 demon trident (elec)
Press: ? - help, Dir - move target, f/p - ghostly deep elf high priest
Aim: a ghostly deep elf high priest, wielding a +0 long sword, wearing a +0 chain mail and wearing a +6 ring of dexterity (heavily damaged, brilliance aura, about 26% to evade your +7 demon trident of electrocution)
You closely miss the ghostly deep elf high priest.
The ghostly deep elf high priest is heavily damaged.
The wall freezes the deep elf sorcerer.
The deep elf sorcerer hits you but does no damage.
Reach: a) +7 demon trident (elec)
Press: ? - help, Dir - move target, f/p - ghostly deep elf high priest
Aim: a ghostly deep elf high priest, wielding a +0 long sword, wearing a +0 chain mail and wearing a +6 ring of dexterity (heavily damaged, brilliance aura, about 26% to evade your +7 demon trident of electrocution)
You puncture the ghostly deep elf high priest!
The ghostly deep elf high priest is severely damaged.
The wall freezes the deep elf sorcerer.
The deep elf sorcerer casts a spell at you.
The bolt of acid hits you!!
* * * LOW HITPOINT WARNING * * *
The acid corrodes you!
The deep elf annihilator mumbles some strange words.
The deep elf annihilator blinks!
The wall freezes the ghostly deep elf high priest!
The ghostly deep elf high priest hits you with a +0 long sword.
You die...

...#########....).###########
*,, ...# #####))# , ...# #))# *
...# * #~)# * * **
...#*,∆∆∆∆∆∆∆{*#÷.#*{∆∆∆∆∆∆∆∆**
, ...# ,∆∆∆∆∆∆∆∆ #..#
∆∆∆∆∆∆∆∆,* ...#*,∆∆∆∆∆∆∆∆ #..#
∆∆∆∆∆∆∆, * , ...#* ∆,∆∆∆∆∆∆
#))# ∆∆∆∆ , , ##+# **** **
#@e#** *** ' **** ...#* ,,**
#e.# , , ...# ** ** ≈e.≈≈ ,,*
,,* , ...# , * ≈≈).≈≈.., ** ,,
* ...# , §≈≈)e≈≈.... *** *,
...# * ..≈≈..≈≈...# *,* , ...#
* #####..######, **,** , ##+#*,
* , ,, ...., ,, ** * + ...#* *
, , , , , * *


You could see a deep elf annihilator (empowered), a deep elf death mage
(empowered), a deep elf sorcerer (fast, empowered) and a ghostly deep elf high
priest (brilliance aura).

Vanquished Creatures
  Nikola (Swamp:4)
  A deep elf blademaster (Elf:3)
  A tentacled monstrosity (Swamp:3)
  A deep elf master archer (Elf:3)
  5 nagarajas
  An orc warlord (Orc:2)
  4 deep elf sorcerers
  3 deep elf elementalists (Elf:3)
  A ghoul (Swamp:3)
  An eleionoma (Swamp:1)
  Nessos (Lair:4)
  5 deep elf demonologists
  A deep elf annihilator (Elf:3)
  A bunyip (Swamp:3)
  3 deep elf death magi
  An entropy weaver (shapeshifter) (D:13)
  2 deep elf high priests
  Erolcha (D:10)
  An ogre mage (D:13)
  2 salamander tyrants (Snake:4)
  18 hydras
  6 nameless horrors
  9 anacondas
  3 catoblepae
  Erica (D:11)
  3 centaur warriors
  14 dancing weapons
  8 death yaks
  6 two-headed ogres
  9 alligators
  2 tengu warriors (D:14)
  A boulder beetle (D:12)
  A deep troll shaman (Lair:5)
  12 naga warriors
  An orc high priest (Orc:2)
  2 shock serpents
  13 naga sharpshooters
  A skyshark (Lair:3)
  10 deep elf knights
  3 salamander mystics (Snake:4)
  A skeletal warrior (D:13)
  A fire crab (shapeshifter) (Elf:2)
  3 spriggan druids
  7 naga ritualists
  2 bog bodies
  8 swamp dragons
  4 deep elf archers
  4 lindwurms
  21 deep elf pyromancers
  10 ugly things
  19 deep elf zephyrmancers
  3 will-o-the-wisps
  10 mana vipers
  Maurice (D:10)
  12 salamanders
  2 manticores
  4 guardian serpents
  33 black mambas
  16 elephants
  A guardian serpent (shapeshifter) (Elf:1)
  4 cane toads
  A torpor snail (Lair:2)
  A gargoyle (D:12)
  9 naga magi
  4 centaur skeletons (D:13)
  An unseen horror (shapeshifter) (Elf:1)
  2 hellions (Elf:2)
  2 unseen horrors
  9 komodo dragons
  6 rime drakes
  5 yaktaurs (D:13)
  4 polar bears
  10 trolls
  13 hornets
  3 meliai (D:13)
  17 blink frogs
  10 tyrant leeches
  3 wraiths
  A culicivora (shapeshifter) (Elf:1)
  A vampire (D:11)
  2 shadows
  5 air elementals
  3 spriggans (Swamp:3)
  2 wyverns
  12 slime creatures
  7 fire elementals
  65 yaks
  Eustachio (D:4)
  4 water elementals
  7 basilisks
  2 steam dragons
  18 vampire mosquitoes
  4 wargs
  35 nagas
  17 swamp worms
  19 water moccasins
  5 swamp drakes (Swamp:4)
  5 ice beasts
  A sky beast (D:7)
  4 black bears
  29 orc warriors
  6 ogres
  16 centaurs
  25 wolves
  2 phantoms
  2 kobold brigands
  3 gnoll sergeants
  10 bullfrogs
  2 scorpions
  5 earth elementals
  12 wights
  4 killer bees (D:8)
  6 howler monkeys
  2 electric eels
  2 vampire bats (D:8)
  4 hounds
  18 orc priests
  Crazy Yiuf (D:4)
  5 iguanas
  15 orc wizards
  12 gnolls
  10 adders
  2 white imps
  2 worms
  2 dart slugs
  67 orcs
  2 ball pythons
  2 bat skeletons (D:8)
  5 bat zombies (D:8)
  5 endoplasms
  3 giant cockroaches
  6 goblins
  13 hobgoblins
  3 quokkas
  5 bats
  4 frilled lizards
  20 kobolds
  8 rats
986 creatures vanquished.

Vanquished Creatures (collateral kills)
  Mara (Snake:3)
  Vashnia (Snake:4)
  2 thorn hunters
  2 alligators (Swamp:1)
  A hydra (Swamp:4)
  A naga warrior (Snake:4)
  2 goliath frogs
  A swamp dragon (Swamp:4)
  A mana viper (Snake:4)
  A will-o-the-wisp (Swamp:2)
  A black mamba (Snake:2)
  A naga mage (Snake:2)
  A tyrant leech (Swamp:1)
  A spriggan (Swamp:1)
  8 vampire mosquitoes
  7 nagas
  2 swamp drakes
34 creatures vanquished.

Vanquished Creatures (others)
  An eleionoma (Swamp:4)
  2 bloated husks
  A jelly (D:6)
  A white imp (D:6)
  15 foxfires
  75 fulminant prisms
95 creatures vanquished.

Grand Total: 1115 creatures vanquished

Notes
Turn   | Place    | Note
-------+----------+-------------------------------------------
     0 | D:1      | bearlyready the Gnoll Reaver began the quest for the Orb.
     0 | D:1      | Reached XP level 1. HP: 20/20 MP: 6/6
    79 | D:1      | Found Imoffu Camny's Weapon Emporium.
   117 | D:1      | Found a faded altar of an unknown god.
   162 | D:1      | You fall into a shaft and drop 1 floor!
   267 | D:1      | Reached XP level 2. HP: 26/26 MP: 7/7
   751 | D:1      | Prayed at the altar of an unknown god.
   751 | D:1      | Became a worshipper of Ashenzari the Shackled
   758 | D:1      | Learned a level 2 spell: Momentum Strike
   816 | D:2      | Reached skill level 5 in Spellcasting
   816 | D:2      | Reached XP level 3. HP: 17/30 MP: 7/9
   931 | D:2      | Reached skill level 1 in Invocations
  1071 | D:2      | Reached skill level 1 in Short Blades
  1071 | D:2      | Reached skill level 1 in Long Blades
  1071 | D:2      | Reached skill level 1 in Axes
  1071 | D:2      | Reached skill level 1 in Polearms
  1071 | D:2      | Reached skill level 1 in Staves
  1071 | D:2      | Reached skill level 1 in Ranged Weapons
  1071 | D:2      | Reached skill level 1 in Throwing
  1071 | D:2      | Reached skill level 1 in Armour
  1071 | D:2      | Reached skill level 1 in Stealth
  1071 | D:2      | Reached skill level 1 in Shields
  1071 | D:2      | Reached skill level 1 in Unarmed Combat
  1071 | D:2      | Reached skill level 1 in Evocations
  1133 | D:2      | Reached XP level 4. HP: 34/38 MP: 11/11
  1492 | D:3      | Reached skill level 1 in Hexes
  1492 | D:3      | Reached skill level 1 in Summonings
  1492 | D:3      | Reached skill level 1 in Necromancy
  1492 | D:3      | Reached skill level 1 in Translocations
  1492 | D:3      | Reached skill level 1 in Transmutations
  1492 | D:3      | Reached skill level 1 in Fire Magic
  1492 | D:3      | Reached skill level 1 in Ice Magic
  1492 | D:3      | Reached skill level 1 in Air Magic
  1492 | D:3      | Reached skill level 1 in Earth Magic
  1492 | D:3      | Reached skill level 1 in Poison Magic
  1561 | D:3      | Identified the ring "Qoxzepn" {Fire Str+2 Dex+3}
  2283 | D:4      | Noticed a black bear
  2292 | D:4      | Killed a black bear
  2293 | D:4      | Reached XP level 5. HP: 17/43 MP: 10/12
  2437 | D:4      | Reached XP level 6. HP: 40/50 MP: 14/14
  2604 | D:4      | Reached skill level 5 in Fighting
  2604 | D:4      | Reached skill level 5 in Dodging
  2776 | D:4      | Found Acze's General Store.
  2776 | D:4      | Found Boyl's Jewellery Emporium.
  2901 | D:4      | Bought a potion of curing for 39 gold pieces
  2926 | D:4      | Found a snail-covered altar of Cheibriados.
  3029 | D:4      | Noticed Eustachio
  3054 | D:4      | Killed Eustachio
  3055 | D:4      | Reached XP level 7. HP: 21/49 MP: 13/15
  3377 | D:4      | Identified the +1 chain mail of Zuerr {*Slow Will++ Dex+2}
  3585 | D:4      | Reached * piety under Ashenzari
  3732 | D:4      | Found a runed translucent door.
  3733 | D:4      | Noticed Crazy Yiuf
  3739 | D:4      | Killed Crazy Yiuf
  3794 | D:5      | Entered Level 5 of the Dungeon
  4260 | D:5      | Reached XP level 8. HP: 60/64 MP: 16/18
  4524 | D:5      | Reached ** piety under Ashenzari
  5418 | D:6      | Reached XP level 9. HP: 52/74 MP: 21/21
  6249 | D:7      | Found an ornate altar of the Wu Jian Council.
  6531 | D:7      | Reached skill level 5 in Invocations
  6736 | D:7      | Identified the +0 ring mail of Jyngewn {rF+ Dex+4 Stlth+}
  7145 | D:7      | Found a staircase to the Ecumenical Temple.
  7294 | D:7      | Found a hazy altar of Hepliaklqana.
  7297 | D:7      | Found a bloodstained altar of Trog.
  7302 | D:7      | Found an opulent altar of Gozag.
  7885 | D:8      | Reached skill level 5 in Short Blades
  7885 | D:8      | Reached skill level 5 in Long Blades
  7885 | D:8      | Reached skill level 5 in Axes
  7885 | D:8      | Reached skill level 5 in Polearms
  7885 | D:8      | Reached skill level 5 in Staves
  7885 | D:8      | Reached skill level 5 in Ranged Weapons
  7885 | D:8      | Reached skill level 5 in Throwing
  7885 | D:8      | Reached skill level 5 in Armour
  7885 | D:8      | Reached skill level 5 in Stealth
  7885 | D:8      | Reached skill level 5 in Shields
  7885 | D:8      | Reached skill level 5 in Unarmed Combat
  7885 | D:8      | Reached skill level 5 in Evocations
  7885 | D:8      | Reached XP level 10. HP: 79/82 MP: 22/22
  7907 | D:8      | Found a blossoming altar of Fedhas.
  7922 | D:8      | Identified the +2 pair of boots of Claustrophobia {Will+
                  | Str+2 Int+2}
  8639 | D:8      | Found a sacrificial altar of Ru.
  8741 | D:8      | Found an ancient bone altar of Kikubaaqudgha.
  9310 | D:9      | Found a basalt altar of Yredelemnul.
  9311 | D:9      | Found a hide-covered altar of Uskayaw.
  9311 | D:9      | Found a burning altar of Makhleb.
  9313 | D:9      | Found a sparkling altar of Nemelex Xobeh.
  9326 | D:9      | Found Yphuc's Antique Weapon Shoppe.
  9996 | D:10     | Entered Level 10 of the Dungeon
  9996 | D:10     | Noticed Erolcha
  9996 | D:10     | Found the ring of the Mage {Wiz Archmagi}
 10019 | D:10     | Killed Erolcha
 10020 | D:10     | Reached skill level 5 in Hexes
 10020 | D:10     | Reached skill level 5 in Summonings
 10020 | D:10     | Reached skill level 5 in Necromancy
 10020 | D:10     | Reached skill level 5 in Translocations
 10020 | D:10     | Reached skill level 5 in Transmutations
 10020 | D:10     | Reached skill level 5 in Fire Magic
 10020 | D:10     | Reached skill level 5 in Ice Magic
 10020 | D:10     | Reached skill level 5 in Air Magic
 10020 | D:10     | Reached skill level 5 in Earth Magic
 10020 | D:10     | Reached skill level 5 in Poison Magic
 10020 | D:10     | Reached XP level 11. HP: 61/87 MP: 24/24
 10132 | D:10     | Noticed Maurice
 10159 | D:10     | Killed Maurice
 10735 | D:10     | Found a staircase to the Orcish Mines.
 10901 | D:10     | Found a staircase to the Lair.
 11501 | D:10     | Noticed a two-headed ogre
 11811 | D:10     | Found a stormy altar of Qazlal.
 11820 | D:10     | Found a radiant altar of Vehumet.
 12289 | D:11     | Noticed Erica
 12309 | D:11     | Killed Erica
 12579 | D:11     | Killed a two-headed ogre
 12964 | D:12     | Reached XP level 12. HP: 77/97 MP: 26/26
 13196 | D:12     | Learned a level 3 spell: Frozen Ramparts
 13229 | D:12     | Found Muok's Antique Armour Boutique.
 13319 | D:12     | Found Wuongy's Jewellery Shop.
 13411 | D:12     | Found Osoyl's Weapon Boutique.
 13692 | D:12     | Noticed a boulder beetle
 13711 | D:12     | Killed a boulder beetle
 13759 | D:12     | Reached skill level 10 in Maces & Flails
 14006 | D:12     | Found Wipnikk's Magic Scroll Shoppe.
 14009 | D:12     | Bought a scroll of enchant armour for 90 gold pieces
 14009 | D:12     | Bought a scroll of teleportation for 36 gold pieces
 14009 | D:12     | Bought a scroll of enchant armour for 90 gold pieces
 14009 | D:12     | Bought a scroll of acquirement for 624 gold pieces
 14010 | D:12     | Acquired the +4 helmet of Xuilleoq {rElec rN+ Str-3}
 14207 | D:12     | Found Raefru's Distillery.
 14210 | D:12     | Bought a potion of curing for 39 gold pieces
 14210 | D:12     | Bought a potion of curing for 39 gold pieces
 14308 | D:12     | Identified the +3 flail of the Brewing Augurer {venom,
                  | rElec Will+ Stlth-}
 14390 | D:12     | Paralysed by a hornet for 2 turns
 14407 | D:12     | Paralysed by a hornet for 3 turns
 15040 | D:13     | Noticed an entropy weaver
 15044 | D:13     | Killed an entropy weaver
 15212 | D:13     | Noticed a centaur warrior
 15217 | D:13     | Killed a centaur warrior
 15443 | D:13     | Noticed a centaur warrior
 15452 | D:13     | Killed a centaur warrior
 15453 | D:13     | Reached XP level 13. HP: 82/104 MP: 27/27
 15789 | Lair:1   | Entered Level 1 of the Lair of Beasts
 15942 | Lair:1   | Learned a level 4 spell: Fulminant Prism
 16520 | Lair:1   | Reached skill level 10 in Spellcasting
 17237 | Lair:2   | Found a staircase to the Snake Pit.
 17376 | Lair:2   | Reached skill level 10 in Fighting
 17376 | Lair:2   | Reached skill level 10 in Dodging
 17896 | Lair:2   | Learned a level 6 spell: Statue Form
 17923 | Lair:2   | Identified the +6 plate armour of Efaus {-Tele Will+ Str+3
                  | Int+4}
 18919 | Lair:3   | Found a staircase to the Swamp.
 19143 | Lair:3   | Reached XP level 14. HP: 114/114 MP: 26/30
 19207 | Lair:3   | Reached skill level 10 in Invocations
 20101 | Lair:4   | Noticed Nessos
 20299 | Lair:4   | Identified the cursed +0 pair of gloves of the Manifest God
                  | {Cun, Evo} (You found it on level 2 of the Dungeon)
 20324 | Lair:4   | Killed Nessos
 20888 | Lair:4   | Found a staircase to the Slime Pits.
 21118 | Lair:5   | Entered Level 5 of the Lair of Beasts
 21958 | Lair:5   | Reached skill level 10 in Conjurations
 22298 | Lair:5   | Reached skill level 10 in Short Blades
 22298 | Lair:5   | Reached skill level 10 in Long Blades
 22298 | Lair:5   | Reached skill level 10 in Axes
 22298 | Lair:5   | Reached skill level 10 in Polearms
 22298 | Lair:5   | Reached skill level 10 in Staves
 22298 | Lair:5   | Reached skill level 10 in Ranged Weapons
 22298 | Lair:5   | Reached skill level 10 in Throwing
 22298 | Lair:5   | Reached skill level 10 in Armour
 22298 | Lair:5   | Reached skill level 10 in Stealth
 22298 | Lair:5   | Reached skill level 10 in Shields
 22298 | Lair:5   | Reached skill level 10 in Unarmed Combat
 22298 | Lair:5   | Reached skill level 10 in Evocations
 22827 | Lair:5   | Reached XP level 15. HP: 116/116 MP: 31/31
 23455 | D:13     | Reached *** piety under Ashenzari
 23974 | D:13     | Found a gate to the Vaults.
 24309 | D:13     | Identified the +7 spear of Duty {flame, rC+}
 24537 | D:14     | Identified the +4 longbow of Wimmej {drain, +Blink Str+5}
 24963 | D:14     | Found Luceschu's Gadget Gallery.
 24972 | D:14     | Bought a condenser vane for 600 gold pieces
 25315 | Orc:1    | Entered Level 1 of the Orcish Mines
 25458 | Orc:2    | Entered Level 2 of the Orcish Mines
 25579 | Orc:2    | Reached **** piety under Ashenzari
 25619 | Orc:2    | Found a staircase to the Elven Halls.
 25650 | Orc:2    | Found Nupuuq's Antique Armour Shop.
 26034 | Orc:2    | Noticed an orc warlord
 26056 | Orc:2    | Killed an orc warlord
 26318 | Orc:2    | Found Lili's General Store.
 26520 | Orc:2    | Found Vehint's Antique Armour Boutique.
 26522 | Orc:2    | Found Wamiulel's Antique Weapon Shop.
 26889 | Elf:1    | Entered Level 1 of the Elven Halls
 26889 | Elf:1    | Found Quleimy's Assorted Antiques.
 26907 | Elf:1    | Bought a potion of curing for 105 gold pieces
 26907 | Elf:1    | Bought a scroll of fear for 140 gold pieces
 26907 | Elf:1    | Bought a potion of heal wounds for 175 gold pieces
 26999 | Elf:1    | Found an ancient bone altar of Kikubaaqudgha.
 27114 | Elf:1    | Identified the Octavo of the Snail
 27295 | Swamp:1  | Entered Level 1 of the Swamp
 27346 | Lair:3   | Learned a level 7 spell: Summon Hydra
 27360 | Lair:3   | Learned a level 7 spell: Malign Gateway
 27368 | Swamp:1  | Reached XP level 16. HP: 129/131 MP: 21/33
 28786 | Swamp:1  | Identified the +5 leather armour "Litrunk" {+Inv Will+}
 28916 | Swamp:1  | Gained mutation: You are frail. (-10% HP) [mutagenic glow]
 29486 | Swamp:2  | Learned a level 6 spell: Iron Shot
 30258 | Swamp:2  | Acquired 655 gold pieces
 30574 | Swamp:3  | Noticed a thorn hunter
 30846 | Swamp:3  | Killed a thorn hunter
 30969 | Swamp:3  | Identified the Grimoire of Direction
 31372 | Swamp:3  | Identified the +1 short sword "Xowo" {freeze, *Rage *Noise
                  | Int+5 Dex+9}
 31998 | Swamp:3  | Noticed a tentacled monstrosity
 32006 | Swamp:3  | Killed a tentacled monstrosity
 32056 | Swamp:4  | Entered Level 4 of the Swamp
 32187 | Swamp:4  | Identified the +6 scale mail "Tugio" {Int+5}
 32388 | Swamp:4  | Noticed a thorn hunter
 32393 | Swamp:4  | Noticed Nikola
 32461 | Swamp:4  | Killed a thorn hunter
 33246 | Swamp:4  | Got a decaying rune of Zot
 33292 | Swamp:4  | Reached XP level 17. HP: 99/125 MP: 11/35
 33391 | Swamp:4  | Killed Nikola
 33786 | Snake:1  | Entered Level 1 of the Snake Pit
 33805 | Snake:1  | Reached skill level 10 in Hexes
 33805 | Snake:1  | Reached skill level 10 in Summonings
 33805 | Snake:1  | Reached skill level 10 in Necromancy
 33805 | Snake:1  | Reached skill level 10 in Translocations
 33805 | Snake:1  | Reached skill level 10 in Transmutations
 33805 | Snake:1  | Reached skill level 10 in Fire Magic
 33805 | Snake:1  | Reached skill level 10 in Ice Magic
 33805 | Snake:1  | Reached skill level 10 in Air Magic
 33805 | Snake:1  | Reached skill level 10 in Earth Magic
 33805 | Snake:1  | Reached skill level 10 in Poison Magic
 33991 | Snake:1  | Identified the +10 great sword "Wisoul" {flame, *Noise
                  | +Blink rC++}
 34865 | Snake:2  | Found Xuaruog's Armour Boutique.
 35100 | Snake:2  | Identified the cursed +2 pair of gloves of the Cursed Gloom
                  | {Bglg, Comp} (You took it off Nikola on level 4 of the
                  | Swamp)
 36367 | Snake:3  | Noticed Mara
 36375 | Snake:3  | Noticed bearlyready's illusion
 36378 | Snake:3  | Killed Mara
 37020 | Snake:4  | Entered Level 4 of the Snake Pit
 38070 | Snake:4  | Identified the +3 war axe "Pendulum" {elec, rF- rN+ rCorr}
 38084 | Snake:4  | Reached XP level 18. HP: 134/134 MP: 23/37
 38879 | Snake:4  | Noticed Vashnia
 39564 | Snake:4  | Got a serpentine rune of Zot
 39765 | Snake:4  | Killed Vashnia
 40075 | Snake:4  | Found Dupree's Antique Armour Boutique.
 40523 | Elf:1    | Found Efuujumu's Assorted Antiques.
 40531 | Elf:1    | Bought a wand of roots (5) for 216 gold pieces
 40600 | Elf:1    | Paralysed by an air elemental for 1 turns
 40672 | Elf:1    | Found Uxkegix's Distillery.
 40678 | Elf:1    | Found Ichedac's Book Shop.
 40680 | Elf:1    | Bought a potion of curing for 36 gold pieces
 40680 | Elf:1    | Bought a potion of curing for 36 gold pieces
 40680 | Elf:1    | Bought a potion of curing for 36 gold pieces
 41116 | Elf:1    | Found Gely's General Store.
 41940 | Elf:2    | Found the +6 arbalest "Damnation" {damnation}
 42227 | Elf:2    | Found Piaxka's Distillery.
 42264 | Elf:2    | Paralysed by an air elemental for 1 turns
 42531 | Elf:2    | Found a runed translucent gate.
 42531 | Elf:2    | Found a runed translucent gate.
 42540 | Elf:2    | Found a runed translucent gate.
 42768 | Elf:3    | Entered Level 3 of the Elven Halls
 43284 | Elf:3    | Paralysed by an air elemental for 1 turns
 43341 | Elf:3    | Noticed a deep elf master archer
 43406 | Elf:2    | Identified the cursed quicksilver dragon scales of
                  | Ashenzari's Jealousy {Will+, Elem, Comp} (You found it on
                  | level 3 of the Lair of Beasts)
 43513 | Elf:3    | Killed a deep elf master archer
 43514 | Elf:3    | Reached XP level 19. HP: 81/143 MP: 4/39
 44307 | Elf:3    | Identified the ring of Vanity {EV+5 Str+3 SInv Stlth+}
 44346 | Elf:3    | Identified the ring "Laphec" {rF+ Str+4 Int+6 Dex-5}
 44361 | Elf:3    | HP: 5/143 [deep elf sorcerer/bolt of acid (32)]
 44361 | Elf:3    | Slain by a ghostly deep elf high priest

Illustrated notes

Levels and vault maps discovered:
D:1:      amcnicky_arrival_single_pillar, layout_rooms, serial_shops,
          shop_statue, hellmonk_ecumenical_altar_leap_of_faith, serial_forest,
          infiniplex_forest_clump_C, infiniplex_forest_fountain,
          infiniplex_forest_zigzag_1, infiniplex_forest_lined_room_2,
          infiniplex_forest_join, infiniplex_forest_zigzag_1,
          infiniplex_forest_straight_2, infiniplex_forest_corner_1,
          infiniplex_forest_clump_curved
D:2:      layout_loops_cross
D:3:      layout_loops_ring, grunt_decor_cap, st_stairs_6, wad_orctagon
D:4:      layout_basic, cheibriados_altar_1, nicolae_wooded_promenade,
          uniq_crazy_yiuf_cottage, uniq_eustachio
D:5:      layout_loops_cross
D:6:      layout_cave_pools
D:7:      layout_loops_corners, nicolae_overflow_crystal_walls,
          grunt_temple_overflow_diamond, minmay_temple_entry_drinking_statues,
          serial_bayou, serial_bayou_pond_c, serial_bayou_shore_a,
          serial_bayou_pond_d, serial_bayou_pond_b, st_stairs_12
D:8:      layout_rooms, mainiacjoe_overflow_surrounded_room,
          mainiacjoe_overflow_alcove_2, kennysheep_vampire_church
D:9:      layout_rooms, grunt_temple_overflow_open, serial_shops, shop,
          nicolae_two_hexagons
D:10:     layout_loops_cross, mainiacjoe_overflow_swirl,
          hellmonk_lair_entry_icy, david_orc_3, uniq_erolcha, uniq_maurice
D:11:     layout_basic, minmay_fountain_box, uniq_erica
D:12:     layout_long_grid, serial_shops, shop, nicolae_shop_rolled_up, shop,
          nicolae_shop_hallway_plus, nicolae_shop_real_fake_doors,
          dreamdust_wasp_nest
D:13:     layout_stronghold, hangedman_vaults_entry_quadrant_bands
D:14:     layout_rooms, serial_bayou_shore_b, nicolae_shop_gadgets
Lair:1:   layout_regular_city, dreamdust_mushroom_princess, minmay_hedge_maze,
          grunt_megastairs_4
Lair:2:   layout_cave_pods, guppyfry_snake_entry_island, beast_lair_carwin_5,
          lemuel_fruit_tree, lemuel_fruit_fields
Lair:3:   layout_cave_pods, minmay_swamp_entry_swarm, minmay_shattered_shrine
Lair:4:   layout_misc_corridors, slime_entry_1, grunt_megastairs_2, uniq_nessos
Lair:5:   grunt_lair_end_beastmaster, layout_cave_pods, serial_bayou_ford_a,
          grunt_megastairs_1
Swamp:1:  layout_basic_swamp, nicolae_swamp_oxbows,
          nicolae_swamp_trees_clearing, swamp_pool1
Swamp:2:  layout_basic_swamp, evilmike_swamp_ruin_rubble_2, swamp_pool5,
          nicolae_swamp_small_spring
Swamp:3:  nzn_winding_woodlands_small [nzn_winding_woodlands_5x15_eye,
          nzn_winding_woodlands_center_diamonds,
          nzn_winding_woodlands_5x15_sidewinder], layout_falls_marsh,
          serial_swamp_ruin, evilmike_swamp_ruin_rubble_1,
          evilmike_swamp_ruin_house_3, swamp_pool4
Swamp:4:  swamp_alternative, layout_basic_swamp, swamp_pool2, uniq_nikola
Snake:1:  layout_basic
Snake:2:  layout_onion, serial_shops, shop
Snake:3:  layout_honeycomb, uniq_mara
Snake:4:  johnstein_snake_rune_scales, layout_cave_town, serial_shops, shop
Orc:1:    layout_caves, basic_altar, serial_shops, shop
Orc:2:    grunt_orc_community_town_hall, layout_caves,
          grunt_orc_community_big_house_2, grunt_orc_community_big_house_1,
          grunt_orc_community_house_1, grunt_orc_community_house_2,
          grunt_orc_community_house_3, grunt_orc_community_house_1,
          grunt_orc_community_house_1, grunt_orc_community_house_3, basic_altar
Elf:1:    layout_gridlike, basic_altar, serial_sigils,
          serial_sigils_hangedman_gnaw, serial_sigils_hangedman_snap,
          serial_sigils_hangedman_shear, serial_sigils_hangedman_scar,
          serial_sigils_hangedman_carve, serial_sigils_hangedman_shear,
          serial_shops, shop_statue, shop, shop, nicolae_diamond_shop, shop,
          minmay_elf_demonology, minivault_5
Elf:2:    nicolae_elf_blades_splatter_lattice [grunt_blade_entry_basic],
          layout_geoelf_diagonals, st_stairs_1, hellmonk_bongcloud_opening,
          nicolae_take_the_stairs, hellmonk_guarded_unrand_damnation
Elf:3:    elf_hall_gauntlet_wide, layout_geoelf_castle, guppyfry_elf_garden

Skill      XL: |  1  2  3  4  5  6  7  8  9 10 11 12 13 14 15 16 17 18 19 |
---------------+----------------------------------------------------------+-----
Spellcasting   | 5 6 7 8 9 10 11 12 13 14 | 14.2
Invocations    | 1 2 3 4 5 6 7 8 9 10 11 12 13 14 | 14.5
Short Blades   | 1 2 3 5 6 7 8 9 10 11 12 13 | 13.4
Long Blades    | 1 2 3 5 6 7 8 9 10 11 12 13 | 13.4
Axes           | 1 2 3 5 6 7 8 9 10 11 12 13 | 13.4
Polearms       | 1 2 3 5 6 7 8 9 10 11 12 13 | 13.4
Staves         | 1 2 3 5 6 7 8 9 10 11 12 13 | 13.4
Ranged Weapons | 1 2 3 5 6 7 8 9 10 11 12 13 | 13.4
Throwing       | 1 2 3 5 6 7 8 9 10 11 12 13 | 13.4
Armour         | 1 2 3 5 6 7 8 9 10 11 12 13 | 13.4
Stealth        | 1 2 3 5 6 7 8 9 10 11 12 13 | 13.4
Shields        | 1 2 3 5 6 7 8 9 10 11 12 13 | 13.4
Unarmed Combat | 1 2 3 5 6 7 8 9 10 11 12 13 | 13.4
Evocations     | 1 2 3 5 6 7 8 9 10 11 12 13 | 13.4
Hexes          | 1 2 3 4 5 6 7 8 9 10 11 | 11.3
Summonings     | 1 2 3 4 5 6 7 8 9 10 11 | 11.3
Necromancy     | 1 2 3 4 5 6 7 8 9 10 11 | 11.3
Translocations | 1 2 3 4 5 6 7 8 9 10 11 | 11.3
Transmutations | 1 2 3 4 5 6 7 8 9 10 11 | 11.3
Fire Magic     | 1 2 3 4 5 6 7 8 9 10 11 | 11.3
Ice Magic      | 1 2 3 4 5 6 7 8 9 10 11 | 11.3
Air Magic      | 1 2 3 4 5 6 7 8 9 10 11 | 11.3
Earth Magic    | 1 2 3 4 5 6 7 8 9 10 11 | 11.3
Poison Magic   | 1 2 3 4 5 6 7 8 9 10 11 | 11.3
Fighting       | 5 6 7 8 9 10 11 12 13 14 | 14.1
Dodging        | 5 6 7 8 9 10 11 12 13 14 | 14.1
Maces & Flails | 7 8 9 10 11 12 13 14 | 14.8
Conjurations   | 6 7 8 9 10 11 12 | 12.5

Action                     |  1- 3 |  4- 6 |  7- 9 | 10-12 | 13-15 | 16-18 | 19-21 || total
---------------------------+-------+-------+-------+-------+-------+-------+-------++-------
  Melee: Mace              |    57 |       |       |       |       |       |       ||    57
         Punch             |     2 |     3 |    14 |    30 |    64 |    89 |       ||   202
         Bite              |     7 |     7 |    45 |   110 |   182 |   184 |    12 ||   547
         Hand axe          |    22 |   123 |    97 |       |       |       |       ||   242
         Spear             |       |       |   287 |   467 |       |       |       ||   754
         Rapier            |       |       |     2 |    93 |       |       |       ||    95
         Battleaxe         |       |       |       |   250 |    48 |       |       ||   298
         Morningstar       |       |       |       |       |   946 |   854 |       ||  1800
         Scimitar          |       |       |       |       |     4 |       |       ||     4
         Demon trident     |       |       |       |       |       |   596 |   101 ||   697
   Fire: Longbow           |       |       |       |       |    90 |       |       ||    90
  Throw: Dart              |       |     9 |    21 |       |    48 |       |       ||    78
         Boomerang         |       |       |     1 |    17 |    15 |    51 |    12 ||    96
         Throwing net      |       |       |       |       |       |     2 |       ||     2
   Cast: Kiss of Death     |     1 |     5 |     4 |       |     1 |       |       ||    11
         Momentum Strike   |       |       |       |     3 |     2 |     1 |     1 ||     7
         Frozen Ramparts   |       |       |       |     5 |    88 |    44 |     4 ||   141
         Fulminant Prism   |       |       |       |       |    60 |    15 |       ||    75
         Statue Form       |       |       |       |       |     4 |    51 |     2 ||    57
         Summon Hydra      |       |       |       |       |     1 |    25 |       ||    26
         Iron Shot         |       |       |       |       |       |    33 |     6 ||    39
 Invoke: Curse Item        |       |     1 |     3 |     2 |     4 |     3 |       ||    13
         Shatter the Chain |       |       |       |     3 |     1 |     2 |       ||     6
  Evoke: Wand              |       |       |       |    15 |     6 |    34 |     9 ||    64
         Lightning rod     |       |       |       |     8 |     6 |    11 |     4 ||    29
         Condenser vane    |       |       |       |       |       |     1 |       ||     1
    Use: Potion            |     2 |     2 |       |     1 |       |     1 |       ||     6
         Scroll            |       |    10 |       |     1 |     2 |    14 |       ||    27
   Stab: Sleeping          |       |     1 |    11 |    25 |    16 |    32 |     2 ||    87
         Distracted        |       |       |       |     1 |     1 |     5 |       ||     7
         Petrified         |       |       |       |       |     6 |       |       ||     6
         Petrifying        |       |       |       |       |     2 |       |       ||     2
 Armour: Leather armour    |    26 |    52 |    96 |       |       |       |       ||   174
         Ring mail         |       |       |    26 |   397 |   609 |    82 |       ||  1114
         Skin              |       |       |       |       |    84 |   740 |    24 ||   848
         Quicksilver drago |       |       |       |       |       |   156 |    43 ||   199
  Dodge: Dodged            |    56 |   140 |   239 |   624 |  1040 |  1289 |    39 ||  3427
  Block: Kite shield       |       |       |       |       |   228 |   401 |    50 ||   679
